AoeStats
← Josmi-Ga'lock

Black Forest

509517181Analyzed
3v3 RM · 7d ago on Sep 27, 2026· 76m 3s· 6 players
Game mode
Random Map
Map size
Normal (6 player)
Population
200
Speed
Normal
Resources
Standard
Victory
Conquest
Starting age
Dark Age
Ending age
Imperial Age
RankedLock teamsTeams togetherTeam positionsShared explorationLock speedFull tech treeHidden civsTurbo modeCheats
Victory
Defeat
🇧🇷 Bohemians · Brazil
973
+15
🇻🇪 Varangians · Venezuela
949
+16
🇦🇷 Persians · Argentina
901
+18
🇨🇴 Goths · Colombia
961
-17
🇺🇸 Italians · United States
938
-16
🇺🇸 Persians · United States
934
-16
Welches So Wavy
0:28 Loom
15:21 Feudal Age
17:32 Wheelbarrow
23:09 Castle Age
21:59 Double-Bit Axe
21:56 Horse Collar
23:08 Fishing Lines
27:23 Wheelbarrow
27:15 Heavy Plow
32:00 Hand Cart
34:44 Bow Saw
35:24 Pikeman
36:25 Thumb Ring
39:37 Imperial Age
37:02 Fletching
37:14 Padded Archer Armor
37:54 Gillnets
39:21 Ballistics
38:42 Treadmill Crane
39:14 Fortified Wall
39:01 Murder Holes
39:09 Gold Mining
39:10 Stone Mining
40:16 Bodkin Arrow
40:37 Leather Archer Armor
40:33 Forging
40:24 Scale Mail Armor
41:10 Silk Road
42:18 Bracer
42:48 Ring Archer Armor
43:34 Caravan
45:05 Chemistry
44:53 Squires
44:39 Arson
45:34 Iron Casting
45:14 Chain Mail Armor
46:04 Two-Man Saw
44:30 Elite Genoese Crossbowman
45:23 Pirotechnia
45:35 Conscription
47:38 Blast Furnace
53:36 Plate Mail Armor
64:32 Bombard Tower
65:59 Elite Skirmisher
TheBulAb69
0:26 Loom
13:40 Feudal Age
14:18 Horse Collar
14:47 Double-Bit Axe
18:10 Wheelbarrow
22:08 Castle Age
21:29 Gold Mining
21:29 Stone Mining
23:16 Bow Saw
23:09 Heavy Plow
24:41 Gold Shaft Mining
24:41 Stone Shaft Mining
25:06 Hand Cart
29:58 Imperial Age
28:36 Forging
28:31 Scale Barding Armor
28:19 Fletching
31:13 Crop Rotation
31:46 Two-Man Saw
32:38 Iron Casting
32:23 Chain Barding Armor
32:00 Bodkin Arrow
33:38 Chemistry
33:14 Bloodlines
32:27 Cavalier
33:08 Husbandry
33:24 Town Watch
34:59 Husbandry
34:59 Savar
36:42 Blast Furnace
36:17 Plate Barding Armor
36:10 Conscription
37:28 Caravan
39:35 Ballistics
39:27 Masonry
40:05 Hoardings
40:21 Town Patrol
45:54 Elite War Elephant
59:47 Light Cavalry
60:48 Hussar
74:24 Citadels
75:59 Architecture
75:42 Padded Archer Armor
Ja1r
0:34 Loom
12:46 Feudal Age
13:12 Double-Bit Axe
14:08 Wheelbarrow
14:51 Horse Collar
20:14 Castle Age
19:01 Gold Mining
21:49 Heavy Plow
22:08 Bow Saw
22:28 Hand Cart
26:01 Scale Mail Armor
27:03 Town Watch
30:34 Imperial Age
28:35 Forging
28:29 Anarchy
31:05 Caravan
32:00 Conscription
31:26 Treadmill Crane
32:07 Squires
32:25 Chain Mail Armor
33:57 Two-Man Saw
34:43 Chemistry
34:17 Crop Rotation
35:30 Masonry
35:33 Elite Huskarl
38:00 Iron Casting
39:10 Perfusion
39:55 Ballistics
40:49 Elite Skirmisher
42:37 Blast Furnace
41:29 Fletching
42:36 Architecture
42:16 Padded Archer Armor
43:22 Town Patrol
44:25 Fletching
44:52 Leather Archer Armor
46:44 Bodkin Arrow
47:20 Ring Archer Armor
46:58 Man-at-Arms
49:16 Pikeman
49:31 Halberdier
59:47 Onager
Abyssus
2:09 Loom
12:33 Feudal Age
13:35 Fishing Lines
15:19 Double-Bit Axe
16:41 Horse Collar
18:57 Town Watch
23:10 Castle Age
23:23 Padded Archer Armor
24:36 Fletching
25:02 Heavy Plow
25:20 Leather Archer Armor
24:30 Elite Skirmisher
25:25 Bow Saw
27:07 Gillnets
30:29 Imperial Age
28:39 Wheelbarrow
31:23 Hand Cart
31:08 Town Patrol
31:56 Conscription
31:35 Bodkin Arrow
33:47 Bracer
36:40 Gothikon
37:23 Squires
37:29 Scale Mail Armor
38:00 Ring Archer Armor
38:05 Caravan
39:21 Two-Man Saw
39:58 Chain Mail Armor
39:49 Elite Varangian Guard
42:35 Plate Mail Armor
41:50 Pikeman
42:45 Forging
43:05 Bloodlines
42:56 Husbandry
43:14 Halberdier
44:41 Iron Casting
43:30 Heavy Scorpion
43:37 Vendel Legacy
45:14 Arson
48:09 Chemistry
47:31 Ballistics
54:12 Two-Man Saw
57:45 Crop Rotation
58:29 Siege Engineers
60:03 Elite Jarl
63:40 Onager
64:18 Cavalier
64:20 Light Cavalry
68:10 Blast Furnace
70:55 Guilds
71:16 Coinage
74:45 Banking
Josmi-Ga'lock
0:29 Loom
9:42 Feudal Age
10:20 Double-Bit Axe
15:18 Horse Collar
17:26 Town Watch
17:50 Fishing Lines
23:10 Castle Age
21:42 Stone Mining
21:45 Gold Mining
27:35 Bow Saw
27:54 Gillnets
30:43 Wheelbarrow
35:11 Imperial Age
33:16 Heavy Plow
34:10 Stone Shaft Mining
34:15 Gold Shaft Mining
34:18 Hand Cart
36:37 Two-Man Saw
37:17 Crop Rotation
37:10 Conscription
36:36 Elite War Elephant
38:02 Citadels
38:32 Ballistics
39:14 Chemistry
39:32 Forging
39:30 Scale Barding Armor
39:19 Fletching
40:43 Chain Barding Armor
41:01 Iron Casting
41:59 Plate Barding Armor
41:51 Bloodlines
41:41 Husbandry
43:14 Bodkin Arrow
44:34 Blast Furnace
46:38 Ballistics
48:13 Kamandaran
48:35 Thumb Ring
49:07 Padded Archer Armor
49:04 Crossbowman
53:48 Leather Archer Armor
55:20 Town Patrol
55:55 Ring Archer Armor
57:13 Squires
56:59 Arson
57:00 Gambesons
65:32 Masonry
66:00 Caravan
70:27 Guilds
75:54 Architecture
ChronoMiner
0:42 Loom
15:13 Feudal Age
15:55 Double-Bit Axe
15:55 Horse Collar
25:21 Castle Age
28:26 Heavy Plow
28:39 Bow Saw
28:53 Town Watch
29:00 Fletching
31:07 Town Patrol
31:43 Wheelbarrow
36:43 Imperial Age
34:01 Light Cavalry
35:52 Caravan
36:07 Elite Skirmisher
36:17 Pikeman
36:57 Squires
36:42 Arson
36:56 Bodkin Arrow
37:04 Murder Holes
38:09 Chemistry
37:30 Ballistics
38:31 Conscription
38:25 Wagenburg Tactics
37:53 Heavy Scorpion
40:31 Two-Man Saw
41:29 Hand Cart
43:07 Houfnice
49:38 Halberdier
50:30 Forging
50:20 Scale Mail Armor
50:20 Bracer
56:52 Iron Casting
56:32 Chain Mail Armor
72:26 Siege Engineers
72:31 Masonry
Connection lost

Rejoining the realm…

Still unreachable

The connection could not be restored.

Session expired

The server has moved on; the page needs a fresh start.